Map: Abyssal Reef LE

Players

Darius

  • Race: Protoss Protoss
  • League: Silver
  • Spawn Location: 5:00

WeAreLegion - Winner!

  • Race: Terran Terran
  • League: Silver
  • Spawn Location: 11:00

VOD

Have the link to the VOD?

Description

Time

  • Played on: Dec. 3, 2024, 1:57 a.m.
  • Length: 13:13
Show
View Real Time Build Order
Export as new Build Order

Darius Protoss 

Build Orders:  

Get SALT Encoding   

  12  0:00  Probe  
  13  0:12  Probe  
  14  0:20  Pylon  
  14  0:25  Probe  
  15  0:36  Probe  
  15  0:41  Gateway  
  16  0:45  Probe  
  16  0:48  Assimilator  
  17  0:53  Probe  
  17  0:55  Assimilator  
  18  1:01  Probe  
  18  1:09  Probe  
  20  1:19  Probe  
  21  1:29  Cybernetics Core  
  21  1:33  Probe  
  22  1:48  Forge  
  22  1:52  Probe  
  23  1:55  Pylon  
  23  2:13  Probe  
  24  2:18  Stalker  
  24  2:21  Nexus  
  25  2:40  Pylon  
  25  2:46  Warp Gate  
  25  2:47  Sentry  
  27  3:00  Probe  
  27  3:04  Protoss Ground Weapons Level 1  
  28  3:09  Gateway  
  28  3:12  Probe, Pylon  
  29  3:24  Probe  
  30  3:36  Probe  
  30  3:38  Shield Battery  
  31  3:42  Photon Cannon  
  31  3:46  Pylon  
  31  3:47  Probe  
  31  3:55  Probe  
  33  4:04  Probe  
  33  4:06  Twilight Council  
  34  4:21  Photon Cannon  
  34  4:26  Photon Cannon  
  34  4:33  Probe  
  35  4:45  Probe  
  35  4:48  Probe  
  35  4:50  Assimilator  
  37  4:53  Assimilator  
  37  4:57  Robotics Facility  
  37  4:58  Stalker x2, Probe  
  42  5:16  Probe  
  42  5:17  Probe  
  42  5:20  Protoss Ground Weapons Level 2  
  44  5:28  Templar Archives, Probe  
  45  5:51  Dark Shrine  
  45  5:52  Observer  
  46  5:58  Robotics Facility  
  46  6:04  Robotics Bay  
  46  6:05  Psionic Storm  
  46  6:19  Probe  
  46  6:20  Probe  
  46  6:22  Immortal  
  52  6:30  Pylon  
  52  6:31  Probe  
  52  6:32  Probe  
  54  6:35  Pylon  
  33  6:47  Stalker  
  33  6:48  Stalker  
  36  7:01  Gateway  
  34  7:02  Gateway  
  32  7:13  Dark Templar x2  
  30  7:50  Stalker x2  
  29  8:15  Stalker x3  
  29  8:16  Stalker  
  36  8:47  Sentry  
  28  9:17  Stalker  
  28  9:18  Stalker x3  
  35  9:44  Protoss Ground Armor Level 1  
  31  10:06  Robotics Facility  
  31  10:17  Nexus  
  31  10:22  High Templar  
  33  10:41  Probe  
  33  10:49  Probe  
  35  10:58  Pylon  
  35  10:59  Probe  
  24  11:10  Stalker  
  25  11:12  Stalker  
  17  11:37  Probe  
  18  11:50  Probe  
  19  11:59  Gateway  
  19  12:02  Probe  
  20  12:24  Nexus  
  19  13:06  Forge  
  19  13:07  Pylon  
Show
View Real Time Build Order
Export as new Build Order

WeAreLegion Terran - Winner!

Build Orders: Reaper Expand 

Get SALT Encoding   

  12  0:00  SCV  
  13  0:12  SCV  
  14  0:17  Supply Depot  
  14  0:25  SCV  
  15  0:39  SCV  
  15  0:42  Barracks  
  16  0:47  Refinery  
  16  0:51  SCV  
  17  1:03  SCV  
  18  1:15  SCV  
  19  1:28  Orbital Command  
  19  1:31  Reaper  
  20  1:46  Command Center  
  20  1:56  SCV  
  21  2:03  Supply Depot, Marine  
  23  2:15  SCV  
  23  2:20  Factory  
  23  2:27  SCV  
  24  2:33  Barracks Reactor  
  24  2:36  Refinery  
  24  2:40  SCV  
  25  2:52  SCV  
  25  2:58  Orbital Command  
  26  3:04  SCV  
  27  3:14  Starport, Marine x2, Widow Mine  
  27  3:16  SCV  
  32  3:28  SCV x2  
  32  3:32  Marine x2  
  36  3:35  Widow Mine  
  36  3:40  SCV  
  36  3:41  Supply Depot, SCV  
  40  3:50  Marine x2  
  40  3:52  Medivac  
  40  3:54  SCV x2  
  46  4:02  Factory Tech Lab  
  46  4:06  SCV  
  46  4:07  SCV  
  46  4:08  Marine x2  
  49  4:18  Supply Depot  
  49  4:19  SCV  
  49  4:22  SCV  
  51  4:24  Siege Tank  
  54  4:39  SCV x2, Marine x2, Medivac  
  60  4:46  Barracks  
  60  4:47  Barracks  
  60  4:48  Engineering Bay  
  60  4:52  SCV  
  61  4:57  Marine  
  62  5:00  Supply Depot  
  62  5:04  Refinery  
  62  5:05  Refinery  
  62  5:06  SCV  
  62  5:07  Supply Depot, SCV  
  64  5:10  Marine  
  65  5:15  Marine  
  65  5:18  SCV  
  67  5:22  Supply Depot  
  67  5:25  Starport Reactor  
  67  5:28  Marine  
  67  5:33  Marine  
  69  5:47  Barracks Tech Lab x2  
  69  5:49  Siege Tank  
  72  5:51  Marine x2  
  74  5:57  Supply Depot  
  74  5:58  Supply Depot  
  74  6:04  Medivac x2  
  74  6:06  Stimpack  
  78  6:14  SCV  
  78  6:17  SCV  
  80  6:19  Marine x2  
  80  6:21  Marine, Widow Mine  
  80  6:22  Supply Depot x2, Marine  
  86  6:26  SCV  
  86  6:29  SCV  
  88  6:34  Medivac  
  88  6:36  Marine x2  
  88  6:39  Marine  
  93  6:40  Marauder  
  93  6:43  Widow Mine  
  96  6:54  Marine x2  
  96  6:55  Viking  
  96  6:58  Marauder  
  102  7:01  Marauder  
  102  7:04  Siege Tank  
  107  7:12  Marine x2  
  109  7:18  Marine  
  110  7:23  Marauder  
  105  7:36  Siege Tank  
  103  7:37  Marauder  
  103  7:41  Marine x2  
  103  7:44  Marine  
  100  7:58  Marine  
  101  7:59  Marine x2  
  92  8:29  SCV x2, Marine x2  
  92  8:30  Marine x2  
  92  8:31  Siege Tank  
  101  8:34  Viking x2  
  101  8:41  SCV x2  
  107  8:42  Supply Depot  
  107  8:43  Supply Depot  
  107  8:47  Marine x3  
  107  8:48  Missile Turret, Marauder  
  112  8:50  Missile Turret  
  112  8:51  Missile Turret  
  112  8:55  Missile Turret  
  106  8:56  Missile Turret  
  106  8:57  Missile Turret  
  106  9:00  Missile Turret  
  98  9:03  Siege Tank  
  98  9:04  Viking x2  
  98  9:05  Supply Depot  
  98  9:06  Marauder  
  98  9:07  Supply Depot  
  98  9:09  Marauder  
  109  9:23  Marine x2  
  111  9:27  Marine  
  111  9:30  Marine  
  113  9:34  Viking x2  
  113  9:35  Siege Tank  
  96  9:41  Marine x2  
  96  9:44  Marine  
  97  9:49  Marauder  
  99  9:59  Marine x2  
  101  10:03  Marauder  
  101  10:04  Terran Infantry Weapons Level 1  
  103  10:08  Widow Mine  
  103  10:09  Armory  
  103  10:10  Marauder  
  107  10:16  Marine  
  107  10:17  Supply Depot, Marine  
  109  10:24  Marauder  
  111  10:29  Widow Mine  
  111  10:31  Marauder  
  111  10:34  Marine x2  
  117  10:37  Command Center  
  117  10:46  Marauder  
  119  10:52  Marine  
  119  10:53  Marauder  
  112  11:07  Marauder  
  113  11:14  Marauder  
  114  11:30  Marine  
  114  11:31  Marine x2  
  117  11:35  Marine  
  118  11:48  Marine x2  
  118  11:49  Marauder  
  118  11:53  Marauder  
  124  12:00  Orbital Command  
  124  12:04  SCV x2  
  126  12:09  Marine x2  
  126  12:11  Siege Tank, Marauder  
  126  12:15  Marauder  
  135  12:16  SCV x2  
  137  12:27  Marine x2  
  137  12:28  SCV  
  137  12:29  SCV  
  141  12:31  Marine  
  141  12:36  Marine  
  143  12:40  SCV  
  143  12:41  SCV  
  148  12:45  Marine  
  148  12:49  Refinery  
  148  12:50  Marauder  
  151  12:52  Refinery  
Tags
 
Matchup
PvT
Replay Pack
December
Spawn Locations
Cross Positions
Add a new tag
Caveats
  • Supply blocks, unpowered buildings, or Contaminate may cause inaccurate times.
  • Supply counts are checked every 10 seconds.